AoeStats
← decayon

Arena

510317899Analyzed
4v4 RM · 3d ago on Sep 30, 2026· 45m 54s· 8 players
Game mode
Random Map
Map size
Large (8 player)
Population
200
Speed
Normal
Resources
Standard
Victory
Conquest
Starting age
Dark Age
Ending age
Imperial Age
RankedLock teamsTeams togetherTeam positionsShared explorationLock speedFull tech treeHidden civsTurbo modeCheats
Victory
Defeat
🇺🇸 Japanese · United States
900
+17
🇨🇳 Magyars · China
835
+19
🇨🇳 Dravidians · China
820
+20
🇨🇳 Poles · China
798
+21
🇨🇱 Japanese · Chile
1109
-26
🇨🇱 Sicilians · Chile
997
-23
🇦🇷 Poles · Argentina
953
-21
🇲🇽 Britons · Mexico
572
-7
decayon
10:13 Feudal Age
14:32 Castle Age
13:10 Double-Bit Axe
13:42 Stone Mining
15:34 Bow Saw
15:15 Loom
17:14 Fletching
18:41 Gold Mining
20:23 Fortified Wall
24:24 Scale Mail Armor
24:17 Horse Collar
25:17 Atonement
25:32 Fervor
26:13 Wheelbarrow
25:24 Town Watch
26:04 Squires
28:30 Sanctity
27:36 Pikeman
29:25 Heavy Plow
30:12 Chain Mail Armor
33:41 Gold Shaft Mining
33:19 Bodkin Arrow
35:24 Masonry
35:36 Ballistics
35:30 Forging
36:56 Iron Casting
37:03 Hand Cart
40:47 Imperial Age
39:07 Redemption
39:18 Guard Tower
39:09 Treadmill Crane
39:24 Murder Holes
39:22 Arson
40:49 Town Patrol
40:58 Halberdier
42:16 Plate Mail Armor
42:46 Blast Furnace
41:47 Padded Archer Armor
42:55 Conscription
41:56 Elite Samurai
42:59 Kataparuto
43:07 Siege Engineers
43:36 Bracer
46:23 Chemistry
46:07 Keep
45:18 Arrowslits
Makima
10:40 Feudal Age
11:06 Double-Bit Axe
11:02 Horse Collar
19:05 Castle Age
17:38 Stone Mining
18:40 Wheelbarrow
17:56 Loom
19:28 Padded Archer Armor
19:55 Bow Saw
20:08 Husbandry
20:29 Town Watch
20:48 Scale Mail Armor
20:59 Forging
22:50 Gold Mining
25:20 Hand Cart
25:26 Heavy Plow
25:38 Fletching
31:39 Imperial Age
30:23 Bodkin Arrow
30:43 Leather Archer Armor
30:37 Thumb Ring
31:05 Medical Corps
31:23 Chain Mail Armor
32:13 Fortified Wall
32:24 Ballistics
32:16 Fortified Wall
33:02 Bracer
34:07 Elite Elephant Archer
35:36 Squires
34:56 Pikeman
35:21 Arson
35:34 Arson
36:13 Gambesons
36:47 Halberdier
37:55 Conscription
38:13 Wootz Steel
40:34 Chemistry
40:54 Ring Archer Armor
42:17 Iron Casting
41:28 Halberdier
44:47 Blast Furnace
44:18 Plate Mail Armor
ksffvbh
0:31 Loom
17:20 Feudal Age
19:04 Wheelbarrow
19:00 Horse Collar
19:08 Double-Bit Axe
19:16 Stone Mining
19:19 Gold Mining
22:23 Castle Age
20:46 Bloodlines
23:08 Scale Barding Armor
23:14 Forging
23:07 Husbandry
22:27 Light Cavalry
23:31 Hand Cart
23:46 Bow Saw
24:45 Stone Shaft Mining
24:19 Heavy Plow
26:35 Chain Barding Armor
26:51 Iron Casting
26:48 Treadmill Crane
33:50 Imperial Age
35:14 Crop Rotation
35:49 Blast Furnace
35:13 Conscription
35:13 Lechitic Legacy
36:03 Winged Hussar
知行
11:25 Feudal Age
16:11 Castle Age
14:38 Horse Collar
15:04 Double-Bit Axe
25:06 Wheelbarrow
24:17 Loom
26:53 Bow Saw
31:35 Imperial Age
29:25 Fletching
29:36 Padded Archer Armor
29:59 Ballistics
30:16 Bloodlines
30:06 Husbandry
30:09 Bodkin Arrow
31:24 Leather Archer Armor
31:31 Hand Cart
31:30 Gold Mining
31:31 Stone Mining
33:16 Chemistry
32:21 Bracer
32:51 Ring Archer Armor
33:01 Ring Archer Armor
33:26 Heavy Cavalry Archer
34:46 Recurve Bow
35:09 Conscription
34:58 Scale Barding Armor
34:15 Light Cavalry
35:50 Gold Shaft Mining
35:10 Hussar
36:21 Chain Barding Armor
37:44 Plate Barding Armor
37:53 Parthian Tactics
38:15 Corvinian Army
37:36 Elite Magyar Huszar
40:26 Siege Engineers
40:17 Murder Holes
41:48 Hoardings
43:41 Two-Man Saw
GdN_ZzZzZzZz
7:47 Loom
10:23 Feudal Age
11:20 Horse Collar
12:21 Double-Bit Axe
19:33 Castle Age
18:10 Wheelbarrow
17:21 Town Watch
18:33 Gold Mining
18:38 Stone Mining
19:43 Scale Barding Armor
19:49 Forging
19:50 Town Watch
20:35 Bloodlines
21:06 Bow Saw
21:21 Heavy Plow
22:47 Husbandry
24:46 Chain Barding Armor
25:50 Gold Shaft Mining
28:28 Iron Casting
28:52 Hand Cart
29:59 Stone Shaft Mining
29:57 Town Patrol
32:18 Ballistics
31:54 Murder Holes
34:58 Imperial Age
33:59 Devotion
35:17 First Crusade
35:24 Cavalier
36:43 Crop Rotation
37:07 Plate Barding Armor
40:14 Fletching
41:32 Chemistry
41:05 Masonry
41:10 Light Cavalry
41:50 Bodkin Arrow
GdN_Tio Roma
7:43 Loom
11:09 Feudal Age
12:54 Man-at-Arms
14:03 Forging
13:54 Scale Mail Armor
14:09 Double-Bit Axe
14:08 Horse Collar
17:10 Town Watch
23:24 Castle Age
24:26 Fletching
34:42 Imperial Age
34:46 Chain Mail Armor
35:39 Crossbowman
36:24 Thumb Ring
36:57 Arbalester
39:24 Wheelbarrow
39:22 Elite Skirmisher
41:27 Bodkin Arrow
41:34 Padded Archer Armor
koes08
13:00 Feudal Age
20:35 Castle Age
18:27 Man-at-Arms
24:05 Wheelbarrow
23:23 Gold Mining
26:27 Double-Bit Axe
28:19 Crossbowman
30:51 Hand Cart
31:15 Gold Shaft Mining
30:56 Bow Saw
30:32 Horse Collar
31:46 Padded Archer Armor
31:37 Fletching
31:57 Heavy Plow
35:26 Pikeman
35:30 Long Swordsman
35:33 Elite Skirmisher
43:11 Imperial Age
LUCA-14
6:10 Loom
11:33 Feudal Age
11:59 Double-Bit Axe
14:17 Horse Collar
15:34 Town Watch
16:31 Wheelbarrow
19:39 Castle Age
20:05 Gold Mining
21:48 Town Patrol
23:37 Husbandry
23:48 Bloodlines
26:45 Imperial Age
29:06 Chemistry
29:47 Stone Mining
33:14 Cavalier
35:51 Szlachta Privileges
39:53 Pikeman
40:36 Squires
42:09 Forging
42:00 Scale Mail Armor
43:36 Iron Casting
Connection lost

Rejoining the realm…

Still unreachable

The connection could not be restored.

Session expired

The server has moved on; the page needs a fresh start.